 Dungeon Crawl Stone Soup version 0.27.1-37-g7b29ead8ac (webtiles) character file.

Game seed: 12161051840938867747

32 tkbsonic5 the Vexing (level 3, 0/27 HPs)
             Began as a Barachi Arcane Marksman on July 11, 2023.
             Succumbed to an adder's poison
             ... on level 2 of the Dungeon.
             The game lasted 00:04:21 (1246 turns).

tkbsonic5 the Vexing (Barachi Arcane Marksman)      Turns: 1246, Time: 00:04:21

Health: 0/27       AC:  2    Str: 12    XL:     3   Next: 27%
Magic:  4/5        EV: 12    Int: 13    God:
Gold:   64         SH:  0    Dex: 12    Spells: 0/4 levels left

rFire    . . .     SeeInvis .   f - +0 club
rCold    . . .     Faith    .   (no shield)
rNeg     . . .     Spirit   .   a - +0 robe
rPois    .         Reflect  .   (no helmet)
rElec    .         Harm     .   (no cloak)
rCorr    .         Rampage  .   (no gloves)
Will     .....     Rnd*Rage +   (no boots)
Stlth    +.........             (no amulet)
HPRegen  0.09/turn              (no ring)
MPRegen  0.09/turn              (no ring)

@: lethally poisoned (0 -> -3), unable to hop, attractive, very slightly
contaminated, invisible, slow
A: amphibious, slowness 1, strong legs 1, +LOS, berserk 1, sense surroundings 1,
wild magic 1
a: Hop


You were on level 2 of the Dungeon.
You visited 1 branch of the dungeon, and saw 2 of its levels.

You collected 64 gold pieces.

Inventory:

Hand Weapons
 f - a +0 club (weapon)
 m - a +0 hunting sling
Missiles
 h - 5 poisoned darts (quivered)
Armour
 a - a +0 robe (worn)
 k - a +0 plate armour
Scrolls
 d - a scroll of vulnerability
 j - a scroll of acquirement {unknown}


   Skills:
 * Level 2.2 Fighting
 * Level 1.1 Maces & Flails
 * Level 2.5 Throwing
 - Level 2.1 Dodging
 + Level 1.4 Spellcasting
 * Level 3.4 Hexes
 * Level 0.0 Fire Magic


You couldn't memorise any spells.
You knew the following spells:

 Your Spells              Type           Power      Damage    Failure   Level
a - Corona                Hex            13%        N/A       11%         1
b - Inner Flame           Hex/Fire       7%         N/A       45%         3

Your spell library contained the following spells:

 Spells                   Type           Power      Damage    Failure   Level
 Slow                     Hex            12%        N/A       14%         2
 Portal Projectile        Hex/Tloc       14%        N/A       45%         3
 Cause Fear               Hex            6%         N/A       63%         4


Dungeon Overview and Level Annotations

Branches:
Dungeon (1/15)

Altars:


Innate Abilities, Weirdness & Mutations

You are amphibious.
You cover ground slowly.
You can hop short distances.
You have an extended range of vision and can be seen from far away.
You tend to lose your temper in combat.
You passively map a small area around you.
Your spells are a little harder to cast, but a little more powerful.


Message History

The adder poisons you! The kobold hits you with a +0 whip.
Throw: throwing net
Press: ? - help, Q - select action, (/) - cycle Shift-Dir - straight line, f/p - adder
Aim: an adder (almost dead, softly glowing, 59% to hit)
You throw a throwing net. The throwing net hits the adder.
The adder is caught in the net!
The adder is almost dead.
* * * LOW HITPOINT WARNING * * *
You feel sick.
The adder struggles against the net.
The kobold hits you with a +0 whip.
* * * LOW HITPOINT WARNING * * *
It was a potion of mutation.
You feel extremely strange.
You feel less in control of your magic.
You feel a little pissed off.
You feel a strange attunement to the structure of the dungeons.
You are ready to hop once more.
* * * LOW HITPOINT WARNING * * *
You feel sick.
The adder struggles against the net.
The kobold hits you but does no damage.
Hop to where?
Press: ? - help, Dir - move target, p - adder Boing!
* * * LOW HITPOINT WARNING * * *
You feel sick.
The adder struggles against the net.
The kobold throws a stone.
The stone barely misses you.
The adder struggles against the net.
It was a potion of attraction.
You feel attractive to monsters.
* * * LOW HITPOINT WARNING * * *
You feel sick.
The adder struggles against the net.
The net rips apart, and the adder comes free!
The kobold is pulled toward you! The adder is pulled toward you!
It was a potion of invisibility.
You fade into invisibility!
* * * LOW HITPOINT WARNING * * *
You feel sick. The kobold barely misses you.
You are very lightly contaminated with residual magic.
The adder is pulled toward you!
As you read the scroll labelled WOPOSI PISOEMM, it crumbles to dust.
It is a scroll of identify.
d - a scroll of vulnerability You die...

* *. * * , . * , , ,
,*.# * , * * .. , ,
*#. , . #.# , ...#..
, , , #...#.## * ,,
* , #.#.#.@##♣♣ , ,
........SK..♣♣♣, *
##.........°.(♣ ♣ ,,
####......#..#.♣♣* *
#####........#,, ,
##...##..... ,,
.########....#**...(
, * ........#.##..#*
#.. #...# #.#* .


You could see an adder (corona) and a kobold.

Vanquished Creatures
  A dart slug (D:1)
  4 endoplasms (D:1)
  3 giant cockroaches (D:1)
  3 goblins (D:1)
  A hobgoblin (D:1)
  2 jackals (D:1)
  A kobold (D:1)
  A quokka (D:1)
  4 ball pythons (D:1)
  A bat (D:1)
  2 frilled lizards (D:1)
  4 rats (D:1)
27 creatures vanquished.

Notes
Turn   | Place    | Note
-------+----------+-------------------------------------------
     0 | D:1      | tkbsonic5 the Barachi Arcane Marksman began the quest for
                  | the Orb.
     0 | D:1      | Reached XP level 1. HP: 15/15 MP: 2/2
    35 | D:1      | Found a faded altar of an unknown god.
   227 | D:1      | Reached XP level 2. HP: 14/21 MP: 3/3
   583 | D:1      | Reached skill level 1 in Maces & Flails
   745 | D:1      | Reached XP level 3. HP: 27/27 MP: 2/5
   807 | D:1      | Learned a level 3 spell: Inner Flame
  1227 | D:1      | You fall into a shaft and drop 1 floor!
  1242 | D:2      | Gained mutation: Your spells are a little harder to cast,
                  | but a little more powerful. [potion of mutation]
  1242 | D:2      | Gained mutation: You tend to lose your temper in combat.
                  | [potion of mutation]
  1242 | D:2      | Gained mutation: You passively map a small area around you.
                  | [potion of mutation]
  1245 | D:2      | HP: 1/27 [poisoned by an adder]
  1246 | D:2      | Succumbed to an adder's poison

Illustrated notes

Levels and vault maps discovered:
D:1:      nagdon_arrival_zigzag_paths, layout_basic,
          shapermc_ecumenical_altar_mp_highgroup, dk_noncrumbling_4
D:2:      layout_rooms, serial_forest, infiniplex_forest_straight_3,
          infiniplex_forest_corner_2, infiniplex_forest_corner_1,
          infiniplex_forest_straight_5, infiniplex_forest_lined_ring,
          infiniplex_forest_straight_3, infiniplex_forest_side_room,
          infiniplex_forest_straight_2, kennysheep_generic_room_16

Skill      XL: |  1  2 |
---------------+-------+-----
Fighting       | 2 |  2.2
Maces & Flails | 1 |  1.1
Throwing       | |  2.5
Dodging        | |  2.1
Spellcasting   | |  1.4
Hexes          | |  3.4

Action                   || total
-------------------------++-------
Melee: Club              ||    51
Throw: Javelin           ||    36
       Throwing net      ||     2
 Cast: Corona            ||    21
 Abil: Hop               ||     5
  Use: Potion            ||     3
       Scroll            ||     1
Armor: Robe              ||    12
Dodge: Dodged            ||    61
